 Dungeon Crawl Stone Soup version 0.29.0-11-gd7f09526c8 (webtiles) character file.

Game seed: 16457779584886731048

1012 groovy9 the Chopper (level 8, -8/74 HPs)
             Began as a Troll Berserker on Sept 6, 2022.
             Was a Believer of Trog.
             Engulfed by a cloud of freezing vapour (19 damage)
             ... on level 5 of the Dungeon.
             The game lasted 00:21:51 (3966 turns).

groovy9 the Chopper (Troll Berserker)               Turns: 3966, Time: 00:21:52

Health: -8/74      AC:  7    Str: 29 (32) XL:     8   Next: 1%
Magic:  7/7        EV: 14    Int:  5 (6)  God:    Trog [**....]
Gold:   400        SH:  0    Dex:  8 (9)  Spells: 7/7 levels left

rFire   . . .      SeeInvis +   a - +2 broad axe (flame)
rCold   . . .      Faith    .   (no shield)
rNeg    . . .      Spirit   .   h - +0 animal skin
rPois   +          Reflect  .   (helmet restricted)
rElec   +          Harm     .   p - +2 cloak {Stlth+}
rCorr   .          Rampage  .   (gloves unavailable)
Will    .....                   (boots unavailable)
Stlth   ++........              (no amulet)
HPRegen 1.02/turn               t - +4 ring of evasion
MPRegen 0.10/turn               c - ring "Paem" {rElec rPois Str+4 Int+3 SInv}

@: about to teleport
A: large, unfitting armour, claws 3, regeneration 1, shaggy fur 1, tough skin 1
a: Renounce Religion, Berserk, Trog's Hand


You were on level 5 of the Dungeon.
You worshipped Trog.
Trog was pleased with you.
You visited 1 branch of the dungeon, and saw 5 of its levels.

You collected 400 gold pieces.

Inventory:

Hand Weapons
 a - a +2 broad axe of flaming (weapon)
 b - a +0 sling
Missiles
 d - 51 stones (quivered)
 n - 6 poisoned darts
Armour
 h - a +0 animal skin (worn)
 p - a +2 cloak of stealth (worn)
Jewellery
 c - the ring "Paem" (right claw) {rElec rPois Str+4 Int+3 SInv}
   (You acquired it on level 2 of the Dungeon)

   [ring of poison resistance]

   Str:       It affects your strength (+4).
   Int:       It affects your intelligence (+3).
   rElec:     It insulates you from electricity.
   rPois:     It protects you from poison.
   SInv:      It lets you see invisible.
 e - an amulet of magic regeneration
 t - a +4 ring of evasion (left claw)
Wands
 j - a wand of light (12)
Scrolls
 f - 4 scrolls of teleportation
 k - a scroll of poison {unknown}
 m - a scroll of noise {unknown}
 r - a scroll of blinking
Potions
 g - a potion of berserk rage
 i - 2 potions of curing
 l - a potion of degeneration


   Skills:
 - Level 2.6 Fighting
 * Level 7.4(7.7) Axes
 - Level 2.9(6.0) Maces & Flails
 - Level 2.6 Dodging


You had 7 spell levels left.
You didn't know any spells.
Your spell library contained the following spells:

 Spells                   Type           Power      Damage    Failure   Level
 Beastly Appendage        Tmut           0%         N/A       47%         1
 Call Imp                 Summ           0%         N/A       63%         2
 Ensorcelled Hibernation  Hex/Ice        0%         N/A       63%         2
 Wereblood                Tmut           0%         N/A       63%         2
 Gell's Gravitas          Tloc           0%         N/A       85%         3
 Ozocubu's Armour         Ice            0%         N/A       85%         3
 Spider Form              Tmut/Pois      0%         N/A       85%         3
 Teleport Other           Tloc           0%         N/A       85%         3
 Anguish                  Hex/Necr       0%         N/A       99%         4
 Summon Lightning Spire   Summ/Air       0%         N/A       99%         4
 Metabolic Englaciation   Hex/Ice        0%         N/A       100%        5
 Dispersal                Tloc           0%         N/A       100%        6
 Simulacrum               Ice/Necr       0%         N/A       100%        6
 Haunt                    Necr/Summ      0%         N/A       100%        7
 Summon Hydra             Summ           0%         N/A       100%        7


Dungeon Overview and Level Annotations

Branches:
Dungeon (5/15)             Temple (0/1) D:5

Altars:
Gozag

Shops:
D:2 =


Innate Abilities, Weirdness & Mutations

You are too large for most types of armour.
You have claws for hands.
Your natural rate of healing is unusually fast.
You are covered in fur. (AC +1)
You have tough skin. (AC +1)


Message History

You are too injured to fight recklessly!
You open the door.
Found a war axe.
There is an open door here.
Found 4 stones.
Found a scroll labelled XALYAPPEIS.
You see here a +0 war axe.
d - 51 stones (gained 4)
m - a scroll labelled XALYAPPEIS As you open the door, it creaks loudly!
Found 9 gold pieces.
There is an open door here.
There is an open door here.
Key pressed, stopping explore.
You now have 400 gold pieces (gained 14).
Found a stone staircase leading down.
Unknown command.
There is an open door here.
You start waiting.
Done waiting.
You are engulfed in freezing vapours.
You are engulfed in freezing vapours.
You are engulfed in freezing vapours.
An orc comes into view. It is wielding a +0 dagger.
You are engulfed in freezing vapours.
You are engulfed in freezing vapours.
* * * LOW HITPOINT WARNING * * *
You start resting.
The orc shouts!
You are engulfed in freezing vapours.
You start resting.
You are engulfed in freezing vapours.
You start resting.
You are engulfed in freezing vapours.
* * * LOW HITPOINT WARNING * * *
As you read the scroll of teleportation, it crumbles to dust.
You feel strangely unstable.
You are engulfed in freezing vapours.
* * * LOW HITPOINT WARNING * * *
You feel better.
You are engulfed in freezing vapours.
You die...

#...........................###..
#.###'###........................
#.#~~.~~#..............#.........
###~)≈.~#......#.......+....###..
#.≈#≈.#......#.......#.....##.#
#~.≈.~#......#....##.#...#.##..
#~~.~~#......#....##...........
###'###......######..##########
###...........o#@○○##..#
#..............#§#○#...# #
#..............#§#○#...# ##
#...######.....#§#.#...# #.
#.)............#§#○#...# ##.
#..............#§#○#...# #..
#...........####§#○#...# ##..
#...........# ##§#§#...# ####...
#...........# ##§#§#...####......


You could see an orc.

Vanquished Creatures
  Grinder (D:3)
  A black bear (D:5)
  An ogre (D:4)
  A centaur (D:5)
  A scorpion (D:4)
  A hound (D:4)
  Crazy Yiuf (D:3)
  A gnoll bouda (D:5)
  2 jellies (D:4)
  An orc priest (D:5)
  Jessica (D:3)
  4 iguanas (D:4)
  An orc wizard (D:4)
  3 gnolls (D:5)
  7 adders
  2 dart slugs (D:1)
  10 orcs
  7 ball pythons
  6 bats
  10 endoplasms
  2 giant cockroaches
  3 goblins
  A hobgoblin (D:4)
  10 jackals
  2 quokkas
  6 frilled lizards
  7 kobolds
  2 rats
95 creatures vanquished.

Vanquished Creatures (others)
  5 fungi (D:3)
5 creatures vanquished.

Grand Total: 100 creatures vanquished

Notes
Turn   | Place    | Note
-------+----------+-------------------------------------------
     0 | D:1      | groovy9 the Troll Berserker began the quest for the Orb.
     0 | D:1      | Reached XP level 1. HP: 22/22 MP: 0/0
   132 | D:1      | Reached XP level 2. HP: 29/29 MP: 1/1
   323 | D:1      | Reached skill level 1 in Axes
   412 | D:1      | Reached XP level 3. HP: 36/36 MP: 2/2
   760 | D:2      | Reached ** piety under Trog
   772 | D:2      | Found an opulent altar of Gozag.
   991 | D:2      | Found Oqimoneih's Jewellery Emporium.
  1160 | D:2      | Reached skill level 2 in Axes
  1509 | D:2      | Identified a scroll of acquirement
  1509 | D:2      | Acquired the ring "Paem" {rElec rPois Str+4 Int+3 SInv}
  1532 | D:3      | Reached XP level 4. HP: 44/44 MP: 3/3
  1672 | D:3      | Noticed Grinder
  1679 | D:3      | Reached skill level 3 in Axes
  1684 | D:3      | Killed Grinder
  1685 | D:3      | Reached skill level 4 in Axes
  1685 | D:3      | Reached XP level 5. HP: 31/50 MP: 4/4
  1685 | D:3      | Reached XP level 6. HP: 37/59 MP: 5/5
  1839 | D:3      | Found a faded altar of an unknown god.
  2140 | D:3      | Noticed Jessica
  2148 | D:3      | Killed Jessica
  2500 | D:3      | Found a runed translucent door.
  2501 | D:3      | Noticed Crazy Yiuf
  2509 | D:3      | Killed Crazy Yiuf
  2510 | D:3      | Reached skill level 5 in Axes
  2625 | D:4      | Reached XP level 7. HP: 45/66 MP: 6/6
  2706 | D:4      | Identified the +1 ring mail "Beluduzxeo" {rC+ Will+}
  2847 | D:4      | Reached skill level 6 in Axes
  2995 | D:4      | Got the Parchment of Creation
  3132 | D:5      | Entered Level 5 of the Dungeon
  3214 | D:5      | Found a staircase to the Ecumenical Temple.
  3369 | D:5      | Reached skill level 7 in Axes
  3556 | D:5      | Reached XP level 8. HP: 56/74 MP: 7/7
  3966 | D:5      | Engulfed by a cloud of freezing vapour

Illustrated notes

Levels and vault maps discovered:
D:1:      elethiomel_arrival_infinity_welcomes_careful_drivers, layout_rooms,
          roderic_roman_lattice, amcnicky_mini_rare_corridor_liquid,
          corexii_corridor_pit, minmay_tall_x
D:2:      layout_loops_ring, serial_shops, shop, basic_altar
D:3:      layout_loops_ring, nicolae_ecumenical_lake_church, fountainhead,
          uniq_jessica, uniq_grinder, uniq_crazy_yiuf_cottage
D:4:      layout_rooms
D:5:      lemuel_ice_spiral_2, layout_basic, minmay_temple_entry_antechambers,
          serial_curves, eino_curves_04, eino_curves_04,
          kennysheep_generic_room_13

Skill      XL: |  1  2  3  4  5  6  7 |
---------------+----------------------+-----
Axes           | 1 2 4 5 7 |  7.4
Fighting       | |  2.6
Maces & Flails | |  2.9
Dodging        | |  2.6

Action                   |  1- 3 |  4- 6 |  7- 9 || total
-------------------------+-------+-------+-------++-------
Melee: Mace              |    36 |       |       ||    36
       Broad axe         |    82 |    81 |    59 ||   222
Invok: Trog's Hand       |       |     2 |       ||     2
       Berserk           |       |     1 |     1 ||     2
  Use: Scroll            |     6 |       |     3 ||     9
       Potion            |       |       |     5 ||     5
 Stab: Sleeping          |     1 |       |       ||     1
Armor: Animal skin       |    54 |    18 |    18 ||    90
Dodge: Dodged            |    81 |    41 |    48 ||   170
